 Dungeon Crawl Stone Soup version 0.29.1 (webtiles) character file.

Game seed: 6582929305841296046

9 masschaos23 the Scratcher (level 2, 0/12 HPs)
             Began as a Felid Transmuter on Sept 13, 2022.
             Slain by a ball python (3 damage)
             ... on level 1 of the Dungeon.
             The game lasted 00:01:17 (370 turns).

masschaos23 the Scratcher (Felid Transmuter)         Turns: 370, Time: 00:01:18

Health: 0/12       AC:  1    Str:  6    XL:     2   Next: 6%
Magic:  6/6        EV: 17    Int: 14    God:
Gold:   19         SH:  0    Dex: 16    Spells: 4/5 levels left
                                        Lives:  0   Deaths: 0

rFire   . . .      SeeInvis +     - Unarmed
rCold   . . .      Faith    .   (shield unavailable)
rNeg    . . .      Spirit   .   (body armour unavailable)
rPois   .          Reflect  .   (helmet unavailable)
rElec   .          Harm     .   (cloak unavailable)
rCorr   +          Rampage  .   (gloves unavailable)
Will    .....                   (boots unavailable)
Stlth   +.........              (no amulet)
HPRegen 0.04/turn               e - ring of resist corrosion
MPRegen 0.10/turn               (no ring)

@: quick
A: very small, claws 1, fangs 3, see invisible, speed 1, shaggy fur 1, stealthy
paws, no weapons or thrown items, no armour, multi-lived
a: no special abilities


You were on level 1 of the Dungeon.
You visited 1 branch of the dungeon, and saw 1 of its levels.

You collected 19 gold pieces.

Inventory:

Jewellery
 e - a ring of resist corrosion (left paw)
Scrolls
 b - a scroll of identify {unknown}
Potions
 a - a potion of lignification
 c - a potion of curing {unknown}
 d - a potion of resistance {unknown}


   Skills:
 + Level 1.0 Fighting
 + Level 3.1 Dodging
 + Level 3.2 Unarmed Combat
 + Level 2.0 Spellcasting
 + Level 2.2 Transmutations


You had 4 spell levels left.
You knew the following spells:

 Your Spells              Type           Power      Damage    Failure   Level
a - Beastly Appendage     Tmut           14%        N/A       10%         1

Your spell library contained the following spells:

 Spells                   Type           Power      Damage    Failure   Level
 Wereblood                Tmut           7%         N/A       14%         2
 Spider Form              Tmut/Pois      4%         N/A       41%         3
 Ice Form                 Ice/Tmut       4%         N/A       83%         4


Dungeon Overview and Level Annotations

Branches:
Dungeon (1/15)

Altars:


Innate Abilities, Weirdness & Mutations

You have sharp claws.
You have razor-sharp teeth.
You have supernaturally acute eyesight. (SInv)
You cover ground quickly. (Speed+)
You are covered in fur. (AC +1)
Your paws help you pounce on unaware monsters.
You are incapable of wielding weapons or throwing items.
You cannot wear armour.
You gain extra lives every three experience levels.


Message History

e - a ring of resist corrosion (left paw)
A quokka comes into view.
A goblin comes into view. It is wielding a +0 club.
The quokka closely misses you.
You barely miss the quokka. The quokka bites you.
You scratch the quokka.
The quokka is lightly wounded.
The quokka barely misses you. x2
You closely miss the quokka.
The quokka is lightly wounded.
The quokka closely misses you.
You scratch the quokka. Your bite misses the quokka.
The quokka is moderately wounded.
The quokka misses you.
You scratch the quokka.
You kill the quokka!
Your Dodging skill increases to level 3!
Found a scroll labelled ANOCOQI NAAK.
Found a stone staircase leading down. 2 giant cockroaches come into view.
The goblin shouts!
You hear an angry hiss.
A ball python comes into view.
The giant cockroach misses you.
You closely miss the giant cockroach. The giant cockroach bites you.
The giant cockroach closely misses you.
You are too injured to fight recklessly!
You are too injured to fight recklessly!
You scratch the giant cockroach. Your bite misses the giant cockroach.
The giant cockroach is severely wounded.
The giant cockroach completely misses you.
You barely miss the giant cockroach.
The giant cockroach is severely wounded.
The giant cockroach bites you.
* * * LOW HITPOINT WARNING * * *
You scratch the giant cockroach.
You kill the giant cockroach!
You have reached level 2!
You scratch the goblin.
You kill the goblin!
You closely miss the ball python. The ball python bites you.
You die...

###.# #.≈#
#≈≈≈##.##≈.# .##.#
...# #≈≈≈≈##.#.)#
.##.#
....####≈≈≈≈≈##...#
....#
.#..#≈≈≈≈≈≈≈≈≈#...#
.####
.##..≈≈≈≈≈≈≈≈≈..#.#
.# ##.#
#...≈≈≈≈≈......#
##### #...
#..........###
....## ..#
###......###
.##..##.#
#@..######
.###.)..# #S### .#
##..## #####B#
.###..## #.....#
###....#
#..........#
.###.#.#
#.B8.....8.# .#
#.#.>. #.....?....#
.# #.###.#
#..........# .# #.#
.# #......>...#


You could see a giant cockroach and a ball python.

Vanquished Creatures
  A giant cockroach (D:1)
  A hobgoblin (D:1)
  A quokka (D:1)
  A frilled lizard (D:1)
  4 goblins (D:1)
8 creatures vanquished.

Notes
Turn   | Place    | Note
-------+----------+-------------------------------------------
     0 | D:1      | masschaos23 the Felid Transmuter began the quest for the
                  | Orb.
     0 | D:1      | Reached XP level 1. HP: 9/9 MP: 4/4
   369 | D:1      | Reached XP level 2. HP: 3/12 MP: 6/6
   370 | D:1      | Slain by a ball python

Illustrated notes

Levels and vault maps discovered:
D:1:      elethiomel_arrival_maze, layout_rooms, st_stairs_1,
          chequers_big_river, grunt_decor_junction

Skill      XL: |  1 |
---------------+----+-----
Dodging        | 3 |  3.1
Fighting       | |  1.0
Unarmed Combat | |  3.2
Spellcasting   | |  2.0
Transmutations | |  2.2

Action                   || total
-------------------------++-------
Melee: Unarmed           ||    32
       Bite              ||     1
Dodge: Dodged            ||    21
